 Dungeon Crawl Stone Soup version 0.31-a0-844-gdc52ec4e09 (webtiles) character file.

Game seed: 17449064852542888254

1518 Ethylacetat the Changeling (level 8, -1/39 HPs)
             Began as a Vine Stalker Shapeshifter on Sept 30, 2023.
             Was a Priest of Nemelex Xobeh.
             Shot with an arrow by a centaur (7 damage)
             ... on level 6 of the Dungeon.
             The game lasted 00:07:04 (4668 turns).

Ethylacetat the Changeling (VSSh)                   Turns: 4668, Time: 00:07:04

Health: -1/39      AC:  7    Str: 19    XL:     8   Next: 84%
Magic:  0/11       EV: 13    Int: 10    God:    Nemelex Xobeh [***...]
Gold:   242        SH:  0    Dex: 14    Spells: 7/7 levels left

rFire   . .          .
                       - Unarmed
rCold   . . .        (shield currently unavailable)
rNeg    . . .        a - +0 animal skin
rPois   .            (no helmet)
rElec   .            k - +1 cloak
rCorr   .            m - +1 pair of gloves
SInv    .            n - +0 pair of boots
Will    +....        (no amulet)
Stlth   +            (no ring)
HPRegen 1.06/turn    (no ring)
MPRegen 0.12/turn

%: guardian spirit
@: flux-form, glowing
A: glow, contaminating, reduced hp, fangs 3, regeneration 1, magic shield,
antimagic bite, no potion heal 2
a: Begin Untransformation, Renounce Religion, Draw Escape, Draw Destruction,
Draw Summoning, Triple Draw


You were on level 6 of the Dungeon.
You worshipped Nemelex Xobeh.
Nemelex Xobeh was most pleased with you.
You were something dangerously unstable.
You visited 1 branch of the dungeon, and saw 6 of its levels.

You collected 242 gold pieces.

Inventory:

Missiles
 w - 4 throwing nets
Armour
 a - a +0 animal skin (worn)
 k - a +1 cloak (worn)
 m - a +1 pair of gloves (worn)
 n - a +0 pair of boots (worn)
 o - a +0 buckler
Jewellery
 u - a ring of flight
 y - a ring of magical power
Talismans
 d - a flux talisman (active)
Wands
 x - a wand of mindburst (9)
 A - a wand of flame (12)
 B - a wand of digging (1)
Scrolls
 f - 3 scrolls of immolation {unknown}
 h - a scroll of fear {unknown}
 i - 4 scrolls of teleportation {unknown}
 j - 3 scrolls of revelation {unknown}
 l - 10 scrolls of identify {unknown}
 p - a scroll of enchant weapon {unknown}
 q - 2 scrolls of blinking {unknown}
 v - a scroll of summoning {unknown}
Potions
 b - a potion of lignification
 c - a potion of enlightenment {unknown}
 e - 2 potions of resistance {unknown}
 g - 3 potions of heal wounds {unknown}
 r - a potion of attraction {unknown}
 s - 2 potions of mutation {unknown}
 t - a potion of degeneration {unknown}
 z - 2 potions of invisibility {unknown}


   Skills:
 + Level 4.0 Fighting
 + Level 4.0 Dodging
 + Level 5.2 Unarmed Combat
 + Level 3.8 Invocations
 * Level 6.4 Shapeshifting


You had 7 spell levels left.
You didn't know any spells.
Your spell library contained the following spells:

 Spells                   Type           Power      Damage    Failure   Level
 Ozocubu's Armour         Ice            0%         N/A       75%         3
 Anguish                  Hex/Necr       0%         N/A       98%         4
 Cause Fear               Hex            0%         N/A       98%         4
 Enfeeble                 Hex            0%         N/A       100%        7
 Ozocubu's Refrigeration  Ice            0%         4d7       100%        7


Dungeon Overview and Level Annotations

Branches:
Dungeon (6/15)             Temple (0/1) D:4

Altars:
Ashenzari
Dithmenos
Elyvilon
Fedhas
Nemelex Xobeh
Trog
Uskayaw
Wu Jian

Shops:
D:5 :


Innate Abilities, Weirdness & Mutations

You are something dangerously unstable.
You glow with magical radiation, making you easy to see and hit.
Foes you strike become dangerously contaminated with magical radiation.
Your maximum health is decreased, since you lack skill for your form.
You are incapable of wielding weapons or throwing items.
You have razor-sharp teeth.
Your natural rate of healing is unusually fast.
When hurt, damage is shared between your health and your magic reserves.
Your bite disrupts and absorbs the magic of your enemies.
Potions cannot restore your health.


Message History

You hit the ufetubus but do no damage.
The ufetubus begins to glow.
You bite the ufetubus. You drain its power.
The ufetubus is severely wounded.
The ufetubus hits you but does no damage.
The ufetubus hits you.
You hit the ufetubus.
You kill the ufetubus!
No target in view!
No target in view!
You now have 235 gold pieces (gained 13).
You now have 242 gold pieces (gained 7).
A water moccasin and a centaur come into view.
The water moccasin hisses angrily.
The centaur wields a +3 shortbow.
The centaur shoots an arrow.
The arrow hits you!
The centaur shoots an arrow.
The arrow closely misses you.
There are monsters nearby!
The centaur shoots an arrow.
The arrow hits you!
The water moccasin completely misses you.
The centaur shoots an arrow.
The arrow hits you. The water moccasin bites you.
There are monsters nearby!
You are too injured to fight recklessly!
You are too injured to fight recklessly!
You are too injured to fight recklessly!
You hit the water moccasin.
The water moccasin begins to glow.
You bite the water moccasin. You drain its power.
You feel invigorated.
The water moccasin is moderately wounded.
The centaur shoots an arrow.
The arrow hits you!
* * * LOW HITPOINT WARNING * * *
The water moccasin bites you but does no damage.
You hit the water moccasin but do no damage.
The water moccasin glows dangerously bright.
You bite the water moccasin. You drain its power.
You feel invigorated.
The water moccasin is heavily wounded.
The centaur shoots an arrow.
The arrow hits you!
* * * LOW HITPOINT WARNING * * *
The water moccasin barely misses you.
The centaur shoots an arrow.
The arrow hits you!
You die...
Your body glows with a rainbow of weird colours and disappears.

..~~....~..# .~..~~..~..#
.~...c~~...###......#
..~~⌠...............#
...⌠~~......#.......#
~~....~....##.......#
..~~..S....##.......#
....~~.p...##.......#
~~.........#...(....#
.~~.................#
#~~~~~~###..#.♣♣♣♣♣♣♣♣
#.########~~~~###...#♣..≈≈≈≈≈.
#........######...###♣.≈.....≈
#######..........### ♣.≈.≈≈≈.≈
...# ##..######### ♣.≈≈...≈≈
...###...# ♣.≈≈._.≈≈


You could see a water moccasin (heavy contam) and a centaur.

Vanquished Creatures
  Sigmund (D:2)
  An ice beast (D:5)
  A sky beast (D:4)
  3 ogres
  A bullfrog (D:6)
  A gnoll sergeant (D:5)
  A scorpion (D:5)
  4 wights (D:6)
  2 electric eels (D:5)
  A howler monkey (D:5)
  A sleepcap (D:4)
  Jessica (D:3)
  An iguana (D:5)
  An orc wizard (D:6)
  8 adders
  11 gnolls
  A shadow imp (D:5)
  2 ufetubi (D:6)
  4 worms
  2 dart slugs
  13 orcs
  2 bats (D:1)
  10 endoplasms
  4 giant cockroaches
  5 goblins
  7 hobgoblins
  11 quokkas
  5 ball pythons
  6 frilled lizards
  7 kobolds
  8 rats
126 creatures vanquished.

Notes
Turn   | Place    | Note
-------+----------+-------------------------------------------
     0 | D:1      | Ethylacetat the Vine Stalker Shapeshifter began the quest
                  | for the Orb.
     0 | D:1      | Reached XP level 1. HP: 9/9 MP: 2/2
     2 | D:1      | Noticed a merfolk
     2 | D:1      | Noticed a vampire
     4 | D:1      | Noticed an elf
     4 | D:1      | Noticed a spriggan
     6 | D:1      | Noticed an octopode
     6 | D:1      | Noticed a formicid
     8 | D:1      | Noticed a demonspawn
    10 | D:1      | Noticed a vine stalker
    10 | D:1      | Noticed a demigod
    12 | D:1      | Noticed a naga
    14 | D:1      | Noticed a tengu
    14 | D:1      | Noticed a meteoran
    16 | D:1      | Noticed a draconian
    16 | D:1      | Noticed a human
    18 | D:1      | Noticed an armataur
    20 | D:1      | Noticed an ogre
    20 | D:1      | Noticed a gargoyle
    22 | D:1      | Noticed a felid
    22 | D:1      | Noticed a ghoul
    24 | D:1      | Noticed a minotaur
    24 | D:1      | Noticed a felid
    26 | D:1      | Noticed a formicid
   100 | D:1      | Reached skill level 1 in Fighting
   129 | D:1      | Reached XP level 2. HP: 14/14 MP: 3/3
   641 | D:1      | Found a faded altar of an unknown god.
   650 | D:1      | Reached XP level 3. HP: 18/18 MP: 4/4
   653 | D:1      | Prayed at the altar of an unknown god.
   653 | D:1      | Became a worshipper of Nemelex Xobeh the Trickster
   653 | D:1      | Reached * piety under Nemelex Xobeh
   999 | D:2      | Received a gift from Nemelex Xobeh
  1074 | D:2      | Noticed Sigmund
  1086 | D:2      | Killed Sigmund
  1087 | D:2      | Reached skill level 1 in Invocations
  1087 | D:2      | Reached skill level 4 in Shapeshifting
  1087 | D:2      | Reached XP level 4. HP: 8/23 MP: 1/6
  1087 | D:2      | Reached XP level 5. HP: 9/26 MP: 1/7
  1087 | D:2      | Found a blossoming altar of Fedhas.
  1478 | D:2      | Reached XP level 6. HP: 22/30 MP: 6/8
  1769 | D:3      | Found an ornate altar of the Wu Jian Council.
  1798 | D:3      | Reached ** piety under Nemelex Xobeh
  1846 | D:3      | Found a shadowy altar of Dithmenos.
  2013 | D:3      | Found a broken altar of Ashenzari.
  2130 | D:3      | Noticed Jessica
  2140 | D:3      | Killed Jessica
  2292 | D:3      | Noticed a +0 dagger
  2293 | D:3      | Noticed a +0 falchion
  2293 | D:3      | Noticed a +0 short sword
  2293 | D:3      | Noticed a +0 dagger
  2294 | D:3      | Noticed a +0 falchion
  2294 | D:3      | Noticed a +0 spear
  2294 | D:3      | Noticed a +0 short sword
  2295 | D:3      | Noticed a +0 spear
  2297 | D:3      | Found a hide-covered altar of Uskayaw.
  2568 | D:4      | Found a bloodstained altar of Trog.
  2662 | D:4      | Noticed a sky beast
  2672 | D:4      | Killed a sky beast
  2673 | D:4      | Reached XP level 7. HP: 21/35 MP: 9/9
  2711 | D:4      | Found a staircase to the Ecumenical Temple.
  3287 | D:5      | Entered Level 5 of the Dungeon
  3290 | D:5      | Reached *** piety under Nemelex Xobeh
  3337 | D:5      | Reached skill level 5 in Shapeshifting
  3443 | D:5      | Found a transporter.
  3444 | D:5      | Received a gift from Nemelex Xobeh
  3553 | D:5      | Found Fulyqe Ekagg's Vocational Training.
  3672 | D:5      | Found a transporter.
  3934 | D:5      | Gained mutation: You have razor-sharp teeth. [Vine Stalker
                  | growth]
  3934 | D:5      | Reached XP level 8. HP: 31/40 MP: 9/11
  4030 | D:5      | Received a gift from Nemelex Xobeh
  4429 | D:6      | Reached skill level 6 in Shapeshifting
  4490 | D:6      | Reached skill level 5 in Unarmed Combat
  4623 | D:6      | Found a white marble altar of Elyvilon.
  4668 | D:6      | Shot with an arrow by a centaur

Illustrated notes

Levels and vault maps discovered:
D:1:      kb_arrival_jail, layout_loops_ring,
          dreamdust_ecumenical_altar_hidden_monk_grotto, minivault_27,
          minmay_3d_cube
D:2:      layout_loops_cross, basic_altar, dk_noncrumbling_2,
          wander_ebering_terrifying_dragon_lair, uniq_sigmund
D:3:      layout_basic, nicolae_wu_jian_wuxing_cycle,
          mainiacjoe_overflow_24_doors, nicolae_uskayaw_en_pointe,
          evilmike_ruin_ashenzari, kennysheep_jessica_study
D:4:      layout_basic, lemuel_tele_altar, minmay_temple_entry_hall,
          hangedman_decor_riveting
D:5:      gammafunk_steamed_eel, layout_basic, minmay_misc_feat_hallway,
          nicolae_shop_vocational
D:6:      cheibrodos_helix_gallery, layout_basic, kennysheep_mini,
          mainiacjoe_overflow_paths, dk_noncrumbling_3

Skill      XL: |  1  2  3  4  5  6  7  8 |
---------------+-------------------------+-----
Fighting       | 1 2 3 4 |  4.0
Dodging        | 2 3 4 |  4.0
Invocations    | 1 2 3 |  3.8
Shapeshifting  | 4 5 6 |  6.4
Unarmed Combat | 4 5 |  5.2

Action                     |  1- 3 |  4- 6 |  7- 9 || total
---------------------------+-------+-------+-------++-------
  Melee: Unarmed           |    62 |   159 |   175 ||   396
         Dagger            |    46 |       |       ||    46
         Bite              |    21 |    48 |    69 ||   138
         Punch             |     2 |       |       ||     2
  Evoke: Wand              |       |       |     2 ||     2
   Stab: Sleeping          |     3 |       |       ||     3
 Armour: Animal skin       |    38 |    78 |    92 ||   208
  Dodge: Dodged            |    53 |    96 |   130 ||   279
   Form: Flux              |     2 |       |       ||     2
                           |     1 |       |       ||     1

Table legend: (Time is in decaauts)
 A = Elapsed time spent in this place.
 B = Non-inter-level travel time spent in this place.
 C = Inter-level travel time spent in this place.
 D = Time resting spent in this place.
 E = Time spent auto-exploring this place.
 F = Levels seen in this place.
 G = Mean time per level.
                   A        B        C        D        E       F      G
               +--------+--------+--------+--------+--------+-----+--------+
         Total |   4638 |   4458 |    180 |      4 |   3537 |   6 |  773.0 |
       Dungeon |   4638 |   4458 |    180 |      4 |   3537 |   6 |  773.0 |
               +--------+--------+--------+--------+--------+-----+--------+

Top non-repeatable levels by time:
     D:5: 1100 daAuts
     D:1: 971 daAuts
     D:4: 844 daAuts
     D:2: 777 daAuts
     D:3: 675 daAuts
     D:6: 268 daAuts
